 Dungeon Crawl Stone Soup version 0.28-b1-70-g80dc712255 (webtiles) character file.

Game seed: 11600191327787271622

113 cbfl8 the Sneak (level 4, -10/40 HPs)
             Began as a Minotaur Delver on Feb 4, 2022.
             Mangled by a red devil (13 damage)
             ... summoned by Xom
             ... on level 1 of the Dungeon.
             The game lasted 00:05:23 (2227 turns).

cbfl8 the Sneak (Minotaur Delver)                   Turns: 2227, Time: 00:05:23

Health: -10/40     AC:  1    Str: 18    XL:     4   Next: 65%
Magic:  3/3        EV:  7    Int:  7    God:
Gold:   24         SH:  0    Dex: 12    Spells: 3/3 levels left

rFire   . . .      SeeInvis .   a - +0 hand axe
rCold   . . .      Faith    .   (no shield)
rNeg    . . .      Spirit   .   p - +0 chain mail
rPois   .          Reflect  .   (helmet restricted)
rElec   .          Harm     .   (no cloak)
rCorr   .          Rampage  .   r - +0 pair of gloves
Will    .....                   (no boots)
Stlth   ..........              (no amulet)
HPRegen 0.13/turn               (no ring)
MPRegen 0.08/turn               (no ring)

@: spiked, corroded
A: horns 2, retaliatory headbutt
a: no special abilities


You were on level 1 of the Dungeon.
You visited 1 branch of the dungeon, and saw 5 of its levels.

You collected 24 gold pieces.

Inventory:

Hand Weapons
 a - a +0 hand axe (weapon)
Missiles
 q - 4 javelins (quivered)
Armour
 b - a +0 leather armour
 h - a +0 ring mail
 p - a +0 chain mail (worn)
 r - a +0 pair of gloves (worn)
Wands
 g - a wand of digging (3)
Scrolls
 c - a scroll of fog
 e - a scroll of fear
 j - a scroll of brand weapon {unknown}
 l - a scroll of identify {unknown}
 n - a scroll of immolation {unknown}
 o - a scroll of teleportation {unknown}
Potions
 d - a potion of mutation {unknown}
 f - a potion of haste
 i - a potion of heal wounds {unknown}
 k - 2 potions of curing {unknown}
 m - a potion of invisibility {unknown}


   Skills:
 + Level 4.2 Fighting
 + Level 2.9 Axes
 + Level 1.5 Armour
 + Level 2.7 Dodging
 + Level 5.1 Stealth


You had 3 spell levels left.
You didn't know any spells.
Your spell library was empty.

Dungeon Overview and Level Annotations

Branches:
Dungeon (5/15)
 Temple: D:4-7

Altars:
Xom
The Shining One


Innate Abilities, Weirdness & Mutations

You have a pair of horns on your head.
You reflexively headbutt those who attack you in melee.


Message History

You slash the goblin!
You kill the goblin!
You miss the ball python. You closely miss the red devil.
The ball python bites you. The ball python grabs you.
The ball python constricts you. The ball python bites you.
The ball python constricts you.
You escape the ball python's grasp.
The crimson imp shouts, "Fly, thou currish two-tin-hat bull-brain!"
The red devil hits you from afar with a +0 trident!
Barbed spikes become lodged in your body.
You see here a +0 dagger.
The barbs in your skin will harm you if you move.
Continue?
Okay, then.
The barbs in your skin will harm you if you move.
Continue?
Okay, then.
There are monsters nearby!
There are monsters nearby!
There are monsters nearby!
The barbs in your skin will harm you if you move.
Continue? [Y]es or [N]o only, please.
The barbs in your skin will harm you if you move.
Continue?
The barbed spikes dig painfully into your body as you move.
The barbed spikes dig painfully into your body as you move.
* * * LOW HITPOINT WARNING * * *
The ball python bites you but does no damage.
The ball python barely misses you.
You bump into the rock wall.
You bump into the rock wall.
You feel less confused.
You hit the rust devil but do no damage.
The rust devil hits you.
* * * LOW HITPOINT WARNING * * *
The rust devil corrodes you!
You barely miss the rust devil. Your headbutt misses the rust devil.
The red devil barely misses you. The rust devil hits you.
* * * LOW HITPOINT WARNING * * *
The rust devil corrodes you!
The red devil hits you from afar with a +0 trident!
You die...
Xom bursts into laughter!

###### #....# #.
##### #....### ...
..... +...... ....
#####
###....####.....
#.....44........
#.####S#4##.....
#4#@#.. ... ..#.#.#
# ...#.#.# #
....#.#.#
###.#######
######.#.#
........... ##'#.#
#. #.....
#....######.###.###
#.........#.....#
#...#####.###...###


You could see a rust devil (summoned) and a red devil (summoned).

Vanquished Creatures
  A hound (D:5)
  A gnoll (D:1)
  3 adders
  A worm (D:3)
  An orc (D:3)
  4 giant cockroaches
  6 goblins
  6 hobgoblins
  2 jackals (D:2)
  5 kobolds
  4 quokkas
  2 bats
  A frilled lizard (D:1)
37 creatures vanquished.

Notes
Turn   | Place    | Note
-------+----------+-------------------------------------------
     0 | D:5      | cbfl8 the Minotaur Delver began the quest for the Orb.
     0 | D:5      | Reached XP level 1. HP: 19/19 MP: 0/0
     5 | D:5      | Noticed a hound
    11 | D:5      | Killed a hound
    12 | D:5      | Reached XP level 2. HP: 11/27 MP: 1/1
    12 | D:5      | Reached XP level 3. HP: 13/33 MP: 2/2
   646 | D:3      | Reached skill level 5 in Stealth
  1079 | D:2      | Reached XP level 4. HP: 34/40 MP: 3/3
  1125 | D:2      | Found a glowing golden altar of the Shining One.
  1515 | D:2      | Reached skill level 1 in Armour
  1776 | D:1      | Found a faded altar of an unknown god.
  1783 | D:1      | Prayed at the altar of an unknown god.
  1783 | D:1      | Became a worshipper of Xom of Chaos
  1783 | D:1      | XOM: divination: detect items
  1822 | D:1      | Fell from the grace of Xom
  1933 | D:1      | XOM: 3-stop teleportation journey
  2219 | D:1      | XOM: summons 3 hostile demons
  2220 | D:1      | Noticed a red devil
  2220 | D:1      | Noticed a rust devil
  2227 | D:1      | Mangled by a red devil

Illustrated notes

Levels and vault maps discovered:
D:1:      amcnicky_arrival_flooded_fountain, layout_basic,
          basic_ecumenical_altar
D:2:      layout_loops_corners, basic_altar, serial_aquarium,
          aquarium_bridge_straight [aquarium_subvault_bridge,
          aquarium_subvault_balcony, aquarium_subvault_bridge,
          aquarium_subvault_wall], aquarium_bridge_island_small
          [aquarium_subvault_small_open, aquarium_subvault_wall,
          aquarium_subvault_wall, aquarium_subvault_bridge,
          aquarium_subvault_balcony], aquarium_window_2, aquarium_window_fake,
          aquarium_window_2, aquarium_window_corridor_1, aquarium_view_2d,
          aquarium_view_2d, aquarium_pool_2, minmay_pentomino_u4
D:3:      layout_loops_ring, minmay_starry_boxes
D:4:      layout_basic
D:5:      layout_loops_ring, lightli_sewer_entry_pipes, minmay_crossroads,
          uniq_sigmund

Skill      XL: |  1  2  3  4 |
---------------+-------------+-----
Fighting       | 4 |  4.2
Stealth        | 5 |  5.1
Armour         | 1 |  1.5
Axes           | |  2.9
Dodging        | |  2.7

Action                   |  1- 3 |  4- 6 || total
-------------------------+-------+-------++-------
Melee: Hand axe          |    39 |    52 ||    91
       Headbutt          |     6 |     8 ||    14
Invok: Renounce Religion |       |     1 ||     1
  Use: Scroll            |     1 |       ||     1
 Stab: Sleeping          |       |     2 ||     2
Armor: Leather armour    |     8 |       ||     8
       Ring mail         |     4 |    17 ||    21
       Chain mail        |       |     8 ||     8
Dodge: Dodged            |    23 |    38 ||    61
